 Dungeon Crawl Stone Soup version 0.19.1-1-g22dce08 (webtiles) character file.

3271 Yamifenrir the Fighter (level 9, -2/75 HPs)
             Began as a Demonspawn Abyssal Knight on Jan 2, 2017.
             Was a High Priest of Lugonu.
             Killed from afar by an orc wizard (9 damage)
             ... with a puff of flame
             ... on level 8 of the Dungeon on Jan 3, 2017.
             The game lasted 01:24:49 (10183 turns).

Yamifenrir the Fighter (Demonspawn Abyssal Knight) Turns: 10183, Time: 01:24:49

Health: -2/75      AC: 17    Str: 17    XL:     9   Next: 68%
Magic:  12/13      EV:  7    Int: 13    God:    Lugonu [*****.]
Gold:   361        SH:  5    Dex: 12    Spells: 0 memorised, 8 levels left

rFire  . . .     SeeInvis .     a - +1 falchion
rCold  . . .     Gourm    +     l - +0 chain mail
rNeg   + . .     Faith    .     y - +0 buckler
rPois  .         Spirit   .     (no helmet)
rElec  .         Reflect  .     M - +0 cloak
rCorr  .         Harm     .     H - +0 pair of gloves
MR     .....                    (no boots)
Stlth  ..........               b - amulet of the gourmand
                                (no ring)
                                n - ring of positive energy

@: sanguine armour, slowed, very slow
A: claws 2, foul stench 1, spiny 1, rot immunity, sanguine armour 1
a: Depart the Abyss, Bend Space, Banish, Corrupt, Enter the Abyss, Renounce
Religion


You were on level 8 of the Dungeon.
You worshipped Lugonu.
Lugonu was extremely pleased with you.
You were not hungry.

You visited 1 branch of the dungeon, and saw 8 of its levels.
You visited the Abyss 1 time.
You also visited: Ossuary.

You collected 361 gold pieces.

Inventory:

Hand Weapons
 a - a +1 falchion (weapon)
Armour
 l - a +0 chain mail (worn)
 y - a +0 buckler (worn)
 H - a +0 pair of gloves (worn)
 M - a +0 cloak (worn)
Jewellery
 b - an amulet of the gourmand (around neck)
 n - a ring of positive energy (left hand)
Wands
 d - a wand of iceblast (1/15)
 A - a wand of disintegration (2/24)
 E - a wand of acid (8/15)
 F - a wand of slowing (24/48)
 K - a wand of disintegration (20/24)
Scrolls
 j - 2 scrolls of magic mapping
 k - 6 scrolls of remove curse
 m - 2 scrolls of enchant weapon {unknown}
 o - a scroll of fear {unknown}
 p - 2 scrolls of amnesia {unknown}
 q - 3 scrolls of enchant armour {unknown}
 r - 6 scrolls of identify
 t - 2 scrolls of noise {unknown}
 u - 4 scrolls of teleportation
 x - 2 scrolls of immolation {unknown}
 B - a scroll of fog {unknown}
 D - a scroll of random uselessness {unknown}
 G - a scroll of recharging {unknown}
Potions
 e - a potion of invisibility {unknown}
 f - a potion of resistance {unknown}
 g - 3 potions of cure mutation {unknown}
 h - a potion of brilliance {unknown}
 i - 3 potions of might {unknown}
 w - a potion of lignification {unknown}
 z - a potion of agility {unknown}
 N - 2 potions of flight {unknown}
Books
 s - a book of Necromancy

   Spells                             Type                      Level
   a - Pain                           Necromancy                   1
   b - Animate Skeleton               Necromancy                   1
   c - Vampiric Draining              Necromancy                   3
   d - Regeneration                   Charms/Necromancy            3
   e - Animate Dead                   Necromancy                   4
   f - Control Undead                 Necromancy                   4
 J - a book of Clouds

   Spells                             Type                      Level
   a - Mephitic Cloud                 Conjuration/Poison/Air       3
   b - Conjure Flame                  Conjuration/Fire             3
   c - Poisonous Cloud                Conjuration/Poison/Air       6
   d - Freezing Cloud                 Conjuration/Ice/Air          6
   e - Ring of Flames                 Charms/Fire                  7
 O - a book of Changes

   Spells                             Type                      Level
   a - Beastly Appendage              Transmutation                1
   b - Sticks to Snakes               Transmutation                2
   c - Spider Form                    Transmutation/Poison         3
   d - Ice Form                       Ice/Transmutation            4
   e - Blade Hands                    Transmutation                5
Comestibles
 c - 3 bread rations
 v - 2 meat rations
 C - 10 fruits
 I - a slice of pizza
 L - a beef jerky


   Skills:
 * Level 8.4 Fighting
 + Level 8.4 Long Blades
 - Level 3.0 Armour
 - Level 0.8 Dodging
 - Level 4.0 Shields
 + Level 6.1 Invocations


You had 8 spell levels left.
You didn't know any spells.

Dungeon Overview and Level Annotations

Branches:
Dungeon (8/15)             Temple (0/1) D:4
   Lair: D:8-11

Altars:
Hepliaklqana
Yredelemnul

Annotations:
D:8 Gastronok


Innate Abilities, Weirdness & Mutations

You have very sharp fingernails.
You may emit foul miasma when damaged in melee.
You are partially covered in sharp spines.
You are immune to rotting.
When seriously injured, your bleeding wounds create armour. (AC +6)


Message History

The magic dart hits you!
The orc wizard miscasts a cantrip.
The orc warrior hits you with a long sword of slicing.
The orc wizard is struck by your spines.
The orc wizard barely misses you.
The orc priest mumbles some strange prayers to Beogh against you.
Beogh smites you!
* * * LOW HITPOINT WARNING * * *
The orc priest calls down the wrath of Beogh upon you.
Beogh smites you!
* * * LOW HITPOINT WARNING * * *
The orc wizard is struck by your spines.
The orc wizard closely misses you.
You riposte.
You slash the orc wizard!
The orc wizard is almost dead.
Space bends around you!
You blink.
* * * LOW HITPOINT WARNING * * *
The orc wizard casts a cantrip, but nothing happens.
The orc wizard casts a spell at you. The puff of flame hits you!
You die...

##8 ###.#.....##.# #...... ##
###[........##.### #...... #.
#.##.##..........# #.......
#.##.##.........[..## #.......
###....)..##.....##.## #...#....
..##...#.###.....##..###..#.##...
.........# #.....###..##.#.. ....
.........###.....####....#.#
..(......##...##@............
.........##.##...#########.#.
........##.o...### #
..##.......o.###
.#####...o.###### .#
#.....o..#.... .....#....#...###
..####.##........ #
#.###..#..#######.####


You could see an orc warrior, an orc priest and 2 orc wizards.

Vanquished Creatures
  Pikel (D:4)
  Sigmund (D:5)
  A hungry ghost (D:8)
  Duvessa (D:7)
  2 black bears
  3 sky beasts
  5 ogres
  A big kobold (D:8)
  A bullfrog (D:5)
  A water moccasin zombie (D:3)
  A water moccasin skeleton (D:6)
  Dowan (D:7)
  A scorpion (D:8)
  4 wights (D:7)
  A howler monkey (D:7)
  2 crimson imps
  A jelly (D:5)
  4 orc priests
  A centaur skeleton (D:8)
  4 hounds
  6 orc wizards
  An iguana (D:7)
  5 worker ants
  2 howler monkey zombies (D:7)
  A gnoll (D:1)
  13 adders
  4 shadow imps
  4 worms
  6 leopard geckos
  22 orcs
  11 bats
  5 giant cockroaches
  7 goblins
  7 hobgoblins
  23 jackals
  17 kobolds
  6 quokkas
  2 ball pythons (D:2)
  8 frilled lizards
  A giant cockroach zombie (D:5)
  8 rats
196 creatures vanquished.

Vanquished Creatures (others)
  An adder (D:4)
  An adder skeleton (D:4)
  A worm (D:4)
3 creatures vanquished.

Grand Total: 199 creatures vanquished

Notes
Turn   | Place    | Note
-------+----------+-------------------------------------------
     0 | Abyss:1  | Yamifenrir the Demonspawn Abyssal Knight began the quest for the Orb.
     0 | Abyss:1  | Reached XP level 1. HP: 18/18 MP: 2/2
     0 | D:1      | Escaped the Abyss
    10 | D:1      | Gained mutation: You are immune to rotting. [demonic ancestry]
    10 | D:1      | Reached XP level 2. HP: 23/24 MP: 1/3
   223 | D:1      | Reached * piety under Lugonu
   744 | D:1      | Reached XP level 3. HP: 4/29 MP: 4/4
  1909 | D:2      | Gained mutation: You have sharp fingernails. [demonic ancestry]
  1909 | D:2      | Reached XP level 4. HP: 28/35 MP: 5/5
  2929 | D:2      | Reached ** piety under Lugonu
  3573 | D:3      | Gained mutation: You may emit foul miasma when damaged in melee. [demonic ancestry]
  3573 | D:3      | Reached XP level 5. HP: 22/41 MP: 6/6
  4409 | D:4      | Found a staircase to the Ecumenical Temple.
  4560 | D:4      | Gained mutation: You have very sharp fingernails. [demonic ancestry]
  4560 | D:4      | Reached XP level 6. HP: 30/47 MP: 7/7
  4709 | D:4      | Noticed Pikel
  4709 | D:4      | Noticed a slave
  4710 | D:4      | Noticed a slave
  4711 | D:4      | Noticed a slave
  4765 | D:4      | Killed Pikel
  4765 | D:4      | Gained mutation: You are partially covered in sharp spines. [demonic ancestry]
  4765 | D:4      | Reached XP level 7. HP: 17/52 MP: 8/8
  5010 | D:4      | Found a sand-covered staircase.
  5015 | Ossuary  | Entered an ossuary
  5015 | Ossuary  | Noticed a wraith
  5015 | Ossuary  | Noticed a wraith
  5015 | Ossuary  | Noticed a wraith
  5649 | D:4      | Reached skill level 1 in Shields
  6201 | D:5      | Entered Level 5 of the Dungeon
  6209 | D:5      | Found a basalt altar of Yredelemnul.
  6228 | D:5      | Reached *** piety under Lugonu
  6292 | D:5      | Noticed Sigmund
  6306 | D:5      | Killed Sigmund
  6306 | D:5      | Reached XP level 8. HP: 29/61 MP: 9/9
  6755 | D:5      | Reached skill level 5 in Fighting
  7930 | D:6      | Found a hazy altar of Hepliaklqana.
  8180 | D:7      | Reached **** piety under Lugonu
  8605 | D:7      | Gained mutation: When seriously injured, your bleeding wounds create armour. (AC +6) [demonic ancestry]
  8605 | D:7      | Reached XP level 9. HP: 52/71 MP: 11/11
  9229 | D:7      | Noticed Duvessa
  9230 | D:7      | Noticed Dowan
  9269 | D:7      | Killed Dowan
  9269 | D:7      | Reached skill level 5 in Invocations
  9279 | D:7      | Killed Duvessa
  9867 | D:8      | Noticed Gastronok
 10047 | D:8      | Reached ***** piety under Lugonu
 10183 | D:8      | Killed from afar by an orc wizard

Skill      XL: |  1  2  3  4  5  6  7  8  9 |
---------------+----------------------------+-----
Armour         | 2 3 |  3.0
Long Blades    | 2 3 4 7 8 |  8.4
Shields        | 2 4 |  4.0
Fighting       | 4 6 8 |  8.4
Invocations    | 3 6 |  6.1
Dodging        | |  0.8

Action                   |  1- 3 |  4- 6 |  7- 9 || total
-------------------------+-------+-------+-------++-------
Melee: Falchion          |   123 |   217 |   374 ||   714
Invok: Depart the Abyss  |     1 |       |       ||     1
       Bend Space        |       |       |     9 ||     9
Evoke: Wand              |       |       |    10 ||    10
  Use: Scroll            |       |     2 |     3 ||     5
       Potion            |       |     2 |       ||     2
  Eat: Chunk             |     3 |    10 |    25 ||    38
       Bread ration      |       |       |     1 ||     1
Armor: Leather armour    |    32 |       |       ||    32
       Chain mail        |    15 |   107 |   159 ||   281
Dodge: Dodged            |    95 |    66 |    88 ||   249
Block: Buckler           |       |       |    70 ||    70
       Rpst.: Falchion   |    35 |    24 |    30 ||    89
